 Dungeon Crawl Stone Soup version 0.31.0-11-ge490571c62 (webtiles) character file.

Game seed: 1234238386600584091

296 Gadfly the Insei (level 6, -4/47 HPs)
             Began as a Demonspawn Monk on Feb 3, 2024.
             Incinerated by a bombardier beetle (6 damage)
             ... with a burning spray
             ... on level 3 of the Dungeon.
             The game lasted 00:02:35 (2546 turns).

Gadfly the Insei (Demonspawn Monk)                  Turns: 2546, Time: 00:02:35

Health: -4/47      AC:  3    Str: 13    XL:     6   Next: 12%
Magic:  6/6        EV: 13    Int: 10    God:
Gold:   65         SH:  4    Dex: 16    Spells: 5/5 levels left

rFire   . .          .
                       - Unarmed
rCold   . . .        c - orb {light}
rNeg    . . .        a - +1 robe
rPois   .            (no helmet)
rElec   .            (no cloak)
rCorr   .            (no gloves)
SInv    .            (no boots)
Will    .....        (no amulet)
Stlth   +            (no ring)
HPRegen 0.27/turn    (no ring)
MPRegen 0.10/turn

%: no passive effects
@: on fire, glowing
A: large bone plates 1, weakness stinger 1
a: no special abilities


You were on level 3 of the Dungeon.
You visited 1 branch of the dungeon, and saw 3 of its levels.

You collected 65 gold pieces.

Inventory:

Armour
 a - a +1 robe (worn)
 c - an orb of light (worn)
Talismans
 f - a flux talisman
Scrolls
 g - a scroll of summoning
 h - a scroll of enchant armour
 j - a scroll of teleportation
 k - a scroll of noise {unknown}
 l - a scroll of blinking {unknown}
Potions
 b - a potion of ambrosia
 d - a potion of enlightenment
 e - 2 potions of attraction
 i - 2 potions of curing


   Skills:
 - Level 3.0 Fighting
 + Level 3.4 Dodging
 * Level 4.0 Unarmed Combat
 * Level 3.1 Evocations
 * Level 2.3 Shapeshifting


You had 5 spell levels left.
You didn't know any spells.
Your spell library was empty.

Dungeon Overview and Level Annotations

Branches:
Dungeon (3/15)

Altars:
Gozag


Innate Abilities, Weirdness & Mutations

You are partially covered in large bone plates. (SH +4)
You have a small tail.


Message History

You are even more covered in liquid fire!
You hit the bombardier beetle but do no damage.
The bombardier beetle is almost dead.
The liquid fire burns you! The bombardier beetle bites you.
You are too injured to fight recklessly!
You are too injured to fight recklessly!
You are too injured to fight recklessly!
You are too injured to fight recklessly!
You are too injured to fight recklessly!
You are too injured to fight recklessly!
You are too injured to fight recklessly!
You are too injured to fight recklessly!
You are too injured to fight recklessly!
You are too injured to fight recklessly!
You are too injured to fight recklessly!
You are too injured to fight recklessly!
You are too injured to fight recklessly!
You are too injured to fight recklessly!
Unknown command.
You completely miss the bombardier beetle.
The bombardier beetle is almost dead.
The liquid fire burns you!
You hit the bombardier beetle.
You kill the bombardier beetle!
The liquid fire burns you!
* * * LOW HITPOINT WARNING * * *
You have reached level 6!
You shake off some of the fire as you move.
The liquid fire burns you!
* * * LOW HITPOINT WARNING * * *
You shake off some of the fire as you move.
The liquid fire burns you!
* * * LOW HITPOINT WARNING * * *
You shake off some of the fire as you move.
The liquid fire burns you!
* * * LOW HITPOINT WARNING * * *
You shake off some of the fire as you move.
The liquid fire burns you!
You die...

#####.# ######## #####
######### ### #.# ..#
#.# #.# #.########
#.###........#
....########.#####
#.#.### #.....# ......#
##..##.#### #.....#
##.....@...## #.....#
#...##.##...#
#^....##...#..#.#..#..#
#.....##...##.....## .#
########......._......#
#...##.....##..# #..
#..#.#..# .# #.
...##.##... .#.. ...
..##


There were no monsters in sight!

Vanquished Creatures
  Sigmund (D:2)
  A bombardier beetle (D:3)
  An orc wizard (D:3)
  3 adders
  A dart slug (D:1)
  2 ribbon worms
  3 orcs (D:3)
  4 ball pythons
  5 endoplasms
  3 giant cockroaches
  5 goblins
  4 hobgoblins
  2 quokkas
  5 bats
  3 frilled lizards
  4 kobolds
  7 rats
54 creatures vanquished.

Notes
Turn   | Place    | Note
-------+----------+-------------------------------------------
     0 | D:1      | Gadfly the Demonspawn Monk began the quest for the Orb.
     0 | D:1      | Reached XP level 1. HP: 18/18 MP: 1/1
   194 | D:1      | Gained mutation: You are partially covered in large bone
                  | plates. (SH +4) [demonic ancestry]
   194 | D:1      | Reached XP level 2. HP: 24/24 MP: 2/2
   250 | D:1      | Reached skill level 1 in Evocations
   268 | D:1      | Reached skill level 3 in Unarmed Combat
   730 | D:2      | Reached XP level 3. HP: 23/29 MP: 3/3
   840 | D:2      | Reached skill level 1 in Shapeshifting
   852 | D:2      | Noticed Sigmund
  1165 | D:2      | Killed Sigmund
  1166 | D:2      | Reached XP level 4. HP: 8/35 MP: 4/4
  1166 | D:2      | Gained mutation: You have a small tail. [demonic ancestry]
  1166 | D:2      | Reached XP level 5. HP: 10/41 MP: 5/5
  1834 | D:3      | Identified the +5 dagger "Jitip" {holy, rC+}
  2393 | D:3      | Reached skill level 4 in Unarmed Combat
  2528 | D:3      | Found an opulent altar of Gozag.
  2543 | D:3      | Reached XP level 6. HP: 12/47 MP: 6/6
  2545 | D:3      | HP: 2/47 [burnt (4)]
  2546 | D:3      | Incinerated by a bombardier beetle

Illustrated notes

Levels and vault maps discovered:
D:1:      minmay_arrival_open_corners, layout_basic, minmay_indecisive_spiral
D:2:      layout_loops_cross, uniq_sigmund
D:3:      layout_loops_cross, mainiacjoe_overflow_small_starburst

Skill      XL: |  1  2  3  4  5 |
---------------+----------------+-----
Evocations     | 1 2 3 |  3.1
Unarmed Combat | 3 4 |  4.0
Shapeshifting  | 2 |  2.3
Dodging        | 3 |  3.4
Fighting       | |  3.0

Action                     |  1- 3 |  4- 6 || total
---------------------------+-------+-------++-------
  Melee: Unarmed           |   115 |    78 ||   193
         Tailslap          |       |     9 ||     9
    Use: Scroll            |     6 |     2 ||     8
 Armour: Robe              |    55 |    26 ||    81
  Dodge: Dodged            |    77 |    34 ||   111
